cohdb
Replays
Latest Replays
All Replays
Popular Replays
Top Player Replays
Match Explorer
How It Works
Community
CoH3 Stats
Reddit
Sign in to upload your games and track your stats! →
Sign in with Steam
Match 38684031
Unlisted
Match 38684031
Overview
Messages
Build Orders
End
250 Light Carrier
Panzergrenadier Squad
Selects Armored Support Battlegroup
Panzergrenadier Squad
Construct Light Support Kompanie
Combat Half-tracks
Panzergrenadier Squad
Construct Mechanized Kompanie
Selects Superior Fire Drills
Panzerjäger Mechanized Group
8 Rad Armored Car
2.5-tonne Medical Truck
Marder III Tank Destroyer
Selects Flammpanzer III Medium Tank
Veteran Squad Leaders
Marder III Tank Destroyer
Flammpanzer III Medium Tank
Selects Salvage Kits
MG34 Team
Panzerpioneer Squad
Panzerpioneer Squad
[82AD] PaulVmax
la
Computer - Hard
Turtleboy
Arturia The 'Virtuosa'
patito
Fox Trap
Thomas Shelby
0
0
Comments
sign in to comment!
No comments posted yet!